AoeStats
← Andrez14

Arena

510222928Analyzed
3v3 RM · 14h ago on Sep 30, 2026· 39m 42s· 6 players
Game mode
Random Map
Map size
Normal (6 player)
Population
200
Speed
Normal
Resources
Standard
Victory
Conquest
Starting age
Dark Age
Ending age
Imperial Age
RankedLock teamsTeams togetherTeam positionsShared explorationLock speedFull tech treeHidden civsTurbo modeCheats
Victory
Defeat
🇹🇷 Japanese · Türkiye
1009
+14
🇨🇱 Ethiopians · Chile
908
+19
🇨🇭 Persians · Switzerland
851
+21
🇨🇱 Khmer · Chile
988
-19
🇨🇱 Franks · Chile
988
-19
🇨🇱 Romans · Chile
926
-16
Necropulpectomía
0:27 Loom
10:21 Feudal Age
11:51 Wheelbarrow
11:50 Double-Bit Axe
14:32 Castle Age
12:53 Horse Collar
16:05 Hand Cart
16:46 Bow Saw
16:45 Heavy Plow
23:08 Hand Cart
24:47 Gold Mining
28:06 Imperial Age
25:29 Loom
26:28 Fletching
27:02 Ballistics
27:51 Bodkin Arrow
27:57 Padded Archer Armor
28:23 Fortified Wall
28:58 Gold Shaft Mining
28:25 Stone Mining
28:32 Town Watch
28:10 Crossbowman
28:58 Thumb Ring
29:59 Chemistry
29:08 Bracer
30:00 Leather Archer Armor
29:28 Arbalester
31:29 Two-Man Saw
32:21 Ring Archer Armor
32:24 Siege Engineers
33:23 Stone Shaft Mining
39:02 Torsion Engines
39:23 Conscription
mrsoysal
0:40 Loom
8:51 Feudal Age
20:55 Castle Age
18:55 Double-Bit Axe
18:55 Horse Collar
19:30 Stone Mining
20:59 Gold Mining
21:12 Town Watch
22:05 Wheelbarrow
27:12 Gold Shaft Mining
27:27 Treadmill Crane
30:49 Imperial Age
28:42 Bow Saw
30:10 Hand Cart
30:00 Town Patrol
31:53 Caravan
35:02 Conscription
34:57 Yasama
36:04 Two-Man Saw
37:12 Ballistics
37:54 Chemistry
36:44 Guard Tower
37:05 Fortified Wall
37:32 Fletching
fantin1227
10:02 Feudal Age
13:59 Castle Age
12:12 Double-Bit Axe
18:41 Horse Collar
21:05 Wheelbarrow
21:33 Heavy Plow
23:10 Gold Mining
23:49 Bow Saw
26:28 Husbandry
26:39 Bloodlines
26:45 Scale Barding Armor
26:50 Forging
27:47 Stone Mining
28:53 Hand Cart
28:24 Loom
29:33 Gold Shaft Mining
29:35 Stone Shaft Mining
29:01 Elite Skirmisher
29:02 Crossbowman
29:50 Padded Archer Armor
29:41 Fletching
31:47 Leather Archer Armor
31:28 Bodkin Arrow
34:06 Imperial Age
31:36 Heated Shot
32:10 Ballistics
32:13 Kamandaran
32:23 Thumb Ring
33:49 Chain Barding Armor
34:05 Iron Casting
33:47 Town Watch
34:17 Masonry
33:57 Heated Shot
34:05 Murder Holes
33:56 Cavalier
35:16 Plate Barding Armor
35:51 Ring Archer Armor
35:17 Savar
38:27 Chemistry
37:58 Architecture
40:15 Blast Furnace
39:17 Scale Mail Armor
39:08 Heavy Camel Rider
Andrez14
6:27 Loom
7:18 Loom
9:33 Feudal Age
10:06 Double-Bit Axe
18:16 Castle Age
17:53 Gold Mining
19:15 Wheelbarrow
19:19 Bow Saw
19:24 Stone Mining
22:48 Hand Cart
26:04 Gold Shaft Mining
25:18 Town Watch
25:55 Scale Barding Armor
26:01 Forging
25:42 Fletching
25:52 Padded Archer Armor
29:27 Iron Casting
29:44 Caravan
31:23 Chain Barding Armor
34:55 Imperial Age
32:41 Bodkin Arrow
33:00 Masonry
33:11 Ballistics
33:16 Town Patrol
33:48 Husbandry
34:55 Murder Holes
34:36 Light Cavalry
36:11 Plate Barding Armor
34:59 Cavalier
36:01 Conscription
36:21 Architecture
36:52 Chemistry
35:33 Treadmill Crane
37:43 Blast Furnace
37:15 Paladin
PalomaBesti
13:34 Feudal Age
16:15 Castle Age
14:03 Double-Bit Axe
20:40 Imperial Age
20:08 Loom
20:06 Horse Collar
24:09 Wheelbarrow
26:48 Heavy Plow
26:59 Bow Saw
27:42 Town Watch
28:52 Hand Cart
29:33 Fletching
30:08 Scale Barding Armor
29:28 Elite Skirmisher
31:16 Chemistry
30:36 Ballistics
29:41 Elite Skirmisher
30:37 Caravan
31:07 Town Patrol
31:31 Bloodlines
31:21 Husbandry
31:56 Bodkin Arrow
32:44 Crop Rotation
33:12 Conscription
33:23 Siege Engineers
33:17 Gold Mining
33:17 Stone Mining
34:10 Light Cavalry
34:53 Bracer
37:39 Gold Shaft Mining
37:39 Stone Shaft Mining
37:26 Chain Barding Armor
37:17 Forging
36:30 Hussar
38:58 Plate Barding Armor
Escobilla
11:30 Feudal Age
12:00 Double-Bit Axe
17:22 Man-at-Arms
20:35 Castle Age
20:05 Gold Mining
20:06 Stone Mining
22:23 Long Swordsman
23:07 Squires
23:13 Scale Mail Armor
23:23 Forging
27:20 Bow Saw
27:35 Chain Mail Armor
27:55 Iron Casting
30:40 Scale Barding Armor
31:11 Iron Casting
32:08 Horse Collar
33:36 Gold Shaft Mining
33:27 Chain Barding Armor
37:22 Imperial Age
Connection lost

Rejoining the realm…

Still unreachable

The connection could not be restored.

Session expired

The server has moved on; the page needs a fresh start.